 Dungeon Sprint DCSS version 0.17-a0-1718-g72dbe4d (webtiles) character file.

1300000 ztt the Portalist (level 14, -13/133 HPs)
             Began as a Ghoul Warper on Aug 26, 2015.
             Was a Follower of Makhleb.
             Mangled by a meat berserker
             ... wielding a +9 battleaxe
              (55 damage)
             ... in the Dungeon (Sprint VIII: "Arena of Blood").
             The game lasted 00:00:21 (13 turns).

ztt the Portalist (Ghoul Warper)                      Turns: 13, Time: 00:00:22

Health: -13/133    AC:  3    Str: 20    XL:     14   Next: 8%
Magic:  2/30       EV: 15    Int:  8    God:    Makhleb [*.....]
Gold:   0          SH:  0    Dex:  8    Spells: 1 memorised, 38 levels left

rFire  . . .     SeeInvis .     l - +∞ Axe of Woe
rCold  + . .     Clarity  .     b - +0 leather armour
rNeg   + + +     SustAt   .     (no shield)
rPois  ∞         Gourm    .     (no helmet)
rElec  .         Spirit   .     (no cloak)
rCorr  .         Warding  .     (no gloves)
rMut   .         NoTele   +     (no boots)
MR     +....                    (no amulet)
Stlth  +.........               (no ring)
                                (no ring)

@: rotting, somewhat resistant to hostile enchantments, very unstealthy
A: rotting body, claws 1, carnivore 3, cold resistance 1, negative energy
resistance 3, slow healing 1, torment resistance, unbreathing
a: Renounce Religion


You were in the Dungeon.
You worshipped Makhleb.
Makhleb was aware of your devotion.
You were not hungry.

You visited 1 branch

Inventory:

Hand weapons
 a - a +0 hand axe
 l - the +∞ Axe of Woe (weapon)
   (You found it in the Dungeon)
Missiles
 e - 5 tomahawks of dispersal (quivered)
Armour
 b - a +0 leather armour (worn)
Scrolls
 d - 2 scrolls of blinking
Potions
 g - a potion of curing
 h - a potion of heal wounds
 i - a potion of haste
 j - 2 potions of magic
 k - a potion of berserk rage
Books
 c - a book of Spatial Translocations

   Spells                             Type                      Level
   a - Apportation                    Translocation                1
   b - Blink                          Translocation                2
   c - Shroud of Golubria             Charms/Translocation         2
   d - Portal Projectile              Translocation                3
   e - Teleport Other                 Translocation                3
   f - Passage of Golubria            Translocation                4
Comestibles
 f - a meat ration


   Skills:
 + Level 14.5 Fighting
 + Level 12.5 Axes
 + Level 5.0 Throwing
 + Level 4.9 Armour
 + Level 12.0 Dodging
 + Level 13.0 Spellcasting
 + Level 21.5 Translocations


You had 38 spell levels left.
You knew the following spells:

 Your Spells              Type           Power        Failure   Level  Hunger
a - Apportation           Tloc           #####.....   0%          1    None


Dungeon Overview and Level Annotations

Branches:
Dungeon (1/1)

Altars:
Makhleb


Innate Abilities, Weirdness & Mutations

Your body is rotting away.
You thrive on raw meat.
You are immune to poison.
You have sharp fingernails.
You are carnivorous and can eat meat at any time.
Your flesh is cold resistant.
You are immune to negative energy.
You heal slowly when monsters are visible.
You are immune to unholy pain and torment.
You can survive without breathing.


Message History

You feel stronger.
You have reached level 13!
You hit the bag of meat.
You slaughter the bag of meat joyfully.
You kill the bag of meat!
Makhleb accepts your kill.
You can now gain health from killing.
Your Fighting skill increases to level 14!
Your Axes skill increases to level 12!
Your Throwing skill increases to level 5!
Your Dodging skill increases to level 12!
Your Spellcasting skill increases to level 13!
Your Translocations skill increases to level 21!
You have reached level 14!
You hear a shout! x6
The meat berserker rages.
You hear a shout! x9
The bag of meat barely misses you.
The bag of meat hits you with a +9 war axe.
You hear a shout!
The meat berserker hits you with a +9 battleaxe!!!
You die...

....#.....#......
......._.........
......###........
.###.......###...
.. #.......# ...
...#.......#....
........O.......
..O...ooO......#
.....O)@ooo...#..
.......O....##...
..#oC......#.....
....o......#...##
.##.#...........
..o............
#o...#...oO####
oo.......ooC


You could see 2 large bags of meat, 6 meat berserkers and 14 bags of meat.

Vanquished Creatures
  An ogre (D)
  An orc (D)
2 creatures vanquished.

Notes
Turn   | Place    | Note
--------------------------------------------------------------
     0 | D        | ztt the Ghoul Warper began the quest for the Orb.
     0 | D        | Reached XP level 1. HP: 17/17 MP: 2/2
     4 | D        | Noticed a bag of meat
     4 | D        | Became a worshipper of Makhleb the Destroyer
     6 | D        | Noticed a bag of meat
     7 | D        | Noticed a bag of meat
     8 | D        | Noticed a bag of meat
     8 | D        | Noticed a bag of meat
    10 | D        | Noticed a bag of meat
    11 | D        | Noticed a meat berserker
    11 | D        | Noticed a meat berserker
    11 | D        | Noticed a large bag of meat
    11 | D        | Noticed a bag of meat
    11 | D        | Noticed a meat berserker
    12 | D        | Noticed a meat berserker
    12 | D        | Noticed a bag of meat
    12 | D        | Noticed a bag of meat
    12 | D        | Noticed a bag of meat
    12 | D        | Noticed a bag of meat
    13 | D        | Noticed a bag of meat
    13 | D        | Noticed a bag of meat
    13 | D        | Noticed a bag of meat
    13 | D        | Noticed a meat berserker
    13 | D        | Noticed a meat berserker
    13 | D        | Killed a meat berserker
    13 | D        | Reached skill level 13 in Fighting
    13 | D        | Reached skill level 20 in Translocations
    13 | D        | Reached XP level 2. HP: 20/44 MP: 2/14
    13 | D        | Reached XP level 3. HP: 22/50 MP: 2/15
    13 | D        | Reached XP level 4. HP: 25/58 MP: 2/17
    13 | D        | Reached XP level 5. HP: 27/64 MP: 2/18
    13 | D        | Reached XP level 6. HP: 30/72 MP: 2/20
    13 | D        | Reached XP level 7. HP: 32/79 MP: 2/21
    13 | D        | Reached XP level 8. HP: 34/86 MP: 2/23
    13 | D        | Reached XP level 9. HP: 36/93 MP: 2/24
    13 | D        | Reached XP level 10. HP: 39/101 MP: 2/25
    13 | D        | Reached XP level 11. HP: 41/107 MP: 2/26
    13 | D        | Reached XP level 12. HP: 44/115 MP: 2/27
    13 | D        | Reached XP level 13. HP: 46/122 MP: 2/28
    13 | D        | Killed a bag of meat
    13 | D        | Acquired Makhleb's first power
    13 | D        | Reached skill level 5 in Throwing
    13 | D        | Reached skill level 21 in Translocations
    13 | D        | Reached XP level 14. HP: 48/133 MP: 2/30
    13 | D        | Mangled by a meat berserker

Vault maps used:
D:        meatsprint

Action                   |  1- 3 |  4- 6 |  7- 9 | 10-12 | 13-15 || total
-------------------------+-------+-------+-------+-------+-------++-------
Melee: Executioner's axe |     1 |       |       |       |       ||     1
